 Dungeon Crawl Stone Soup version 0.14.2-1-g46dc7f8a84 (webtiles) character file.

298376 ProGaza the Executioner (level 20, 0/114 (128) HPs)
             Began as a Minotaur Fighter on Feb 29, 2020.
             Was a Priest of the Shining One.
             Shot with a bolt by a yaktaur captain (15 damage)
             ... on Level 4 of the Vaults on Mar 1, 2020.
             The game lasted 07:01:59 (60909 turns).

ProGaza the Executioner (Minotaur Fighter)         Turns: 60909, Time: 07:01:59

HP   0/114 (128) AC 39     Str 22 (24) XL: 20   Next:  2%
MP  19/19        EV  5     Int  4      God: the Shining One [***...]
Gold 4387        SH 59     Dex 13 (14) Spells:  3 memorised, 12 levels left

rFire  + . .     SeeInvis .     e - +5,+4 broad axe (flame)
rCold  + . .     Clarity  +     G - +9 armour of the Dragon King {rPois rF+ rC+ MR+}
rNeg   + . .     Conserve .     c - -2 shield
rPois  +         rCorr    +     M - -1 hat {Int+3}
rElec  .         rRot     .     T - +0 cloak {MR+}
SustAb . .       Spirit   .     q - -1 pair of gloves
rMut   .         Warding  .     U - -1 pair of boots {run}
Saprov . . .     Rnd*Tele +     V - amulet of resist corrosion
MR     +++..                    E - +6 ring of protection
                                p - +4 ring of dexterity

@: very slightly contaminated, glowing, quick, extremely resistant to hostile
enchantments, extremely unstealthy
A: retaliatory headbutt, horns 2, berserk 3, blurry vision 3, clarity, clumsy 2,
deterioration 2, dopey 2, frail 2, low mp 3, screaming 1, slow healing 2,
teleportitis 1, weak 1
a: Divine Shield, Renounce Religion
}: 2/15 runes: serpentine, barnacled


You were on level 4 of the Vaults.
You worshipped the Shining One.
The Shining One was most pleased with you.
You were not hungry.

You visited 8 branches of the dungeon, and saw 48 of its levels.
You visited the Abyss 1 time.
You visited 1 bazaar.

You collected 5083 gold pieces.
You spent 696 gold pieces at shops.

Inventory:

Hand weapons
 e - a +5,+4 broad axe of flaming (weapon)
 j - a +2,+2 crossbow
 s - a +3,+5 broad axe
 C - a +2,+1 crossbow of evasion
 H - a +2,+2 anti-magic war axe
Missiles
 r - 15 bolts
 F - 15 bolts of frost
Armour
 c - a -2 shield (worn)
 q - a -1 pair of gloves (worn)
 G - the +9 armour of the Dragon King (worn) {rPois rF+ rC+ MR+}
   (You took it off a gnoll on level 10 of the Dungeon)

   It protects you from fire.
   It protects you from cold.
   It protects you from poison.
   It affects your resistance to hostile enchantments.
 M - a -1 hat of intelligence (worn)
 T - a +0 cloak of magic resistance (worn)
 U - a -1 pair of boots of running (worn)
Magical devices
 a - a wand of digging (12)
 k - a wand of disintegration (5)
 l - a wand of frost (6)
 v - a wand of confusion (2)
 W - a wand of paralysis (5)
Comestibles
 d - 2 bread rations
 t - 4 meat rations
 w - 2 slices of pizza
 D - 3 pears
 Z - 2 apples
Scrolls
 b - 2 scrolls of remove curse
 f - a scroll of identify
 o - 3 scrolls of teleportation
 y - a scroll of fear
 N - a scroll of summoning
Jewellery
 g - an uncursed amulet of clarity
 n - an uncursed ring of protection from magic
 p - a +4 ring of dexterity (left hand)
 x - an uncursed ring of flight
 A - a +3 ring of dexterity
 E - a +6 ring of protection (right hand)
 O - the ring of the Castellan {rPois MR+}
   (You found it on level 8 of the Lair of Beasts)

   [ring of protection from magic]

   It protects you from poison.
 Q - an uncursed ring of ice
 S - an uncursed ring of sustenance
 V - an amulet of resist corrosion (around neck)
Potions
 i - a potion of heal wounds
 u - 2 potions of flight
 I - a potion of might
 K - 3 potions of haste
 L - a potion of cure mutation
 X - 7 potions of curing
Miscellaneous
 z - a plain deck of wonders {the Genie}
 B - a sack of spiders {used: 1}
 P - a sack of spiders


   Skills:
 - Level 10.0 Fighting
 * Level 25.9 Axes
 - Level 3.0 Throwing
 + Level 18.8 Armour
 + Level 20.5 Shields
 - Level 10.0 Invocations
 - Level 3.0 Evocations


You had 12 spell levels left.
You knew the following spells:

 Your Spells              Type           Power        Failure   Level  Hunger
a - Control Teleport      Chrm/Tloc      #.........   100%        4    #####..
b - Slow                  Hex            #.......     100%        2    ###....
c - Apportation           Tloc           #.........   100%        1    ##.....


Dungeon Overview and Level Annotations

Branches:
Dungeon (15/15)            Temple (1/1) D:7             Orc (4/4) D:11
    Elf (0/3) Orc:4          Lair (8/8) D:9          Shoals (5/5) Lair:4
  Snake (5/5) Lair:5        Slime (6/6) Lair:8       Vaults (4/5) D:13
 Depths (0/5) D:15
  Blade: Vaults:3-4   Crypt: Vaults:2-3

Altars:
Ashenzari
Cheibriados
Dithmenos
Elyvilon
Fedhas
Kikubaaqudgha
Makhleb
Nemelex Xobeh
Okawaru
Sif Muna
Trog
Vehumet
Xom
Yredelemnul
Zin
The Shining One
Jiyva

Shops:
D:4 =   D:8 (   D:9 [   Orc:4 :*([   Shoals:5 [

Portals:
Trove: D:14 (show slimy rune of Zot)

Annotations:
Slime:6 Royal Jelly
Vaults:4 Boris


Innate Abilities, Weirdness & Mutations

You reflexively headbutt those who attack you in melee.
You have a pair of horns on your head.
You have an uncontrollable temper.
Your vision is extremely blurry.
You possess an exceptional clarity of mind.
You are very clumsy. (Dex -4)
Your body is deteriorating.
You are very dopey. (Int -4)
You are very frail (-20% HP).
Your magical capacity is extremely low (-30% MP).
You occasionally shout uncontrollably.
You do not heal naturally when monsters are visible.
Space occasionally distorts in your vicinity.
You are weak. (Str -2)


Message History

A vault sentinel and a skeleton come into view.
There is an open door here.
The runic seals fade away.
The sentinel's mark upon you fades away.
The vault sentinel gestures at you while chanting.
You easily resist.
Something unseen opens the large door.
The jumping spider disappears in a puff of smoke!
The demonic crawler hits you but does no damage. x2
You block the demonic crawler's attack.
The vault sentinel blows on a signal horn!
The demonic crawler hits you!
* * * LOW HITPOINT WARNING * * *
You block the demonic crawler's attack.
The demonic crawler hits you but does no damage.
You block the demonic crawler's attack. x3
A deep elf sorcerer comes into view. It is wielding a long sword.
The sixfirhy barely misses you.
The yaktaur captain wields a crossbow.
The yaktaur captain shoots a bolt.
The bolt hits you!
You die...

#...c.o.cc4......c..z.r....
######.c.((.(.o@zz...ozr)§§es§.#
........§############.ys...s...#
........c'..........#)..y......#
........)'..........e..#########
......ccz#.o.....c..#..#
..........#..........#..#
..........#....4<[y..#..#
.........)#...zs@....#..#
..........#...@......#..#
.........(#..........#..#
..........#..........#..#######+#
..........'..........#..........#
..........#..........#...........
..........#..........#...........
###.......#######'####...........
#.........................%....


You could see a yaktaur captain, a deep elf sorcerer, a demonic crawler, a vault
sentinel, a red wasp, a sixfirhy, an orc and an orc skeleton.

Vanquished Creatures
  Dissolution (Slime:6)
  Margery (Vaults:2)
  Vashnia (Snake:4)
  28 acid blobs
  A sphinx (Vaults:1)
  Rupert (Snake:4)
  Frances (Shoals:1)
  11 azure jellies
  A fire giant (Vaults:4)
  Ilsuiw (Shoals:5)
  7 greater nagas
  A vault warden (Vaults:1)
  Maud (D:14)
  Aizul (Vaults:2)
  Louise (Lair:5)
  A deep elf sorcerer (Vaults:4)
  An orc warlord (Orc:4)
  Gastronok (Orc:4)
  Azrael (D:15)
  2 ettins
  Snorg (Snake:4)
  4 merfolk javelineers (Shoals:5)
  A deep elf death mage (Vaults:4)
  A yaktaur captain (Vaults:2)
  2 fire dragons
  8 death oozes
  4 merfolk impalers (Shoals:5)
  2 sirens (Shoals:5)
  6 vault guards
  Fannar (Lair:4)
  3 ironheart preservers
  The ghost of crawlian the Nimble, a powerful KoAK of Lugonu (Lair:8)
  Harold (D:13)
  4 great orbs of eyes
  An ice dragon (D:15)
  17 naga warriors
  3 hydras
  A deep troll earth mage (Vaults:3)
  Erica (Lair:7)
  A deep troll shaman (Vaults:3)
  17 death yaks
  6 anacondas
  6 merfolk aquamancers (Shoals:5)
  An ogre mage (D:15)
  A satyr (Shoals:5)
  6 shock serpents
  3 catoblepae (Lair:8)
  3 orc high priests (Orc:4)
  16 naga sharpshooters
  5 centaur warriors
  A soul eater (Orc:4)
  Nergalle (Lair:6)
  A very ugly thing (Vaults:1)
  A hell knight (Vaults:2)
  A deep elf knight (Vaults:2)
  4 salamander mystics
  4 skeletal warriors (D:13)
  A death drake (shapeshifter) (Vaults:2)
  A wizard (D:15)
  2 water nymphs
  2 giant orange brains
  An ice statue (D:14)
  2 starcursed masses (Abyss:1)
  6 sea snakes
  A lindwurm (Lair:7)
  7 large abominations
  10 naga ritualists
  A phantasmal warrior (D:13)
  6 ironbrand convokers
  13 harpies
  4 hill giants
  3 deep trolls (Vaults:3)
  15 orc knights
  4 griffons
  14 mana vipers
  5 cyclopes
  A deep elf conjurer (Vaults:4)
  4 orc sorcerers
  17 salamanders
  3 manticores
  7 shining eyes
  A worldbinder (Snake:2)
  A mermaid (shapeshifter) (D:13)
  39 naga magi
  37 black mambas
  9 elephants
  2 guardian serpents (Snake:5)
  8 drowned souls (Shoals:5)
  3 vault sentinels
  An eye of devastation (Slime:5)
  5 mermaids (Shoals:5)
  Psyche (D:8)
  An orange demon (Orc:4)
  2 gargoyles
  14 spiny frogs
  4 kobold demonologists (D:13)
  5 yaktaurs
  An ancient zyme (Abyss:1)
  A fire drake (Lair:8)
  12 merfolk
  14 trolls
  2 deep elf priests (Vaults:4)
  A wind drake (Shoals:5)
  2 polar bears (D:12)
  5 snapping turtles
  2 blue devils
  27 blink frogs
  9 komodo dragons
  2 centaur skeletons
  3 two-headed ogres
  A boulder beetle (Lair:6)
  A hydra skeleton (D:13)
  A raven (Lair:5)
  A red wasp zombie (D:15)
  3 grizzly bears
  A redback (Vaults:4)
  59 slime creatures
  3 wandering mushrooms (Lair:6)
  A trapdoor spider zombie (D:11)
  A trapdoor spider (D:14)
  3 basilisks
  A tarantella (Vaults:4)
  A spriggan (Lair:3)
  21 brown oozes
  3 ynoxinuls
  5 wraiths
  3 wyverns
  32 water elementals
  16 ugly things
  A necrophage (D:8)
  34 yaks
  5 deep elf fighters
  2 shadows
  Grum (D:8)
  8 deep elf magi
  2 vampire mosquitoes (D:15)
  3 neqoxecs
  7 golden eyes (Slime:6)
  A hill giant zombie (D:13)
  A centaur simulacrum (D:12)
  12 sharks
  9 hippogriffs
  2 steam dragons
  14 wolves
  68 nagas
  A fire elemental (D:15)
  Menkaure (D:6)
  5 wargs
  A chaos spawn (Orc:4)
  A deep troll skeleton (D:14)
  A soldier ant (D:12)
  48 orc warriors
  13 porcupines
  31 water moccasins
  5 hell hounds (D:15)
  5 ice beasts
  9 giant goldfish
  7 small abominations (D:15)
  3 phantoms
  A sky beast (D:8)
  4 boring beetles
  19 centaurs
  A yellow wasp (D:12)
  2 manticore skeletons (D:12)
  14 ogres
  13 crocodiles
  2 big kobolds
  10 giant slugs
  A brain worm (D:15)
  15 giant frogs
  A yaktaur skeleton (D:12)
  A tengu simulacrum (D:12)
  5 scorpions
  8 eyes of draining
  A gnoll sergeant (D:10)
  An eye of draining (shapeshifter) (D:15)
  6 killer bees
  A hippogriff zombie (D:9)
  A troll zombie (D:13)
  2 quasits
  6 crimson imps
  12 electric eels
  3 goliath beetles
  21 wights
  28 orc priests
  2 centaur zombies
  An elf zombie (D:9)
  7 big fish
  12 jellies
  39 orc wizards
  11 hounds
  An orange rat (Vaults:4)
  12 iguanas
  An iron imp (Orc:4)
  A two-headed ogre skeleton (D:11)
  13 worker ants
  17 sheep
  3 spectral orcs (Lair:6)
  A giant frog simulacrum (D:12)
  Terence (D:2)
  A hound skeleton (D:7)
  A mummy (D:11)
  4 gnolls
  24 adders
  5 shadow imps
  15 green rats
  5 giant mites
  3 inept feature mimics
  2 white imps (D:12)
  4 worms
  5 ufetubi
  A worm (shapeshifter) (D:14)
  4 orc zombies
  An adder skeleton (D:8)
  An iguana skeleton (D:5)
  9 giant eyeballs
  11 giant geckos
  8 oozes
  207 orcs
  A ball python (D:2)
  A bat skeleton (D:4)
  7 giant cockroaches
  18 hobgoblins
  22 kobolds
  10 quokkas
  19 bats
  5 giant newts
  3 giant spores
  20 goblins
  A goblin skeleton (D:4)
  2 goblin zombies (Orc:2)
  13 jackals
  An orc skeleton (D:4)
  31 rats
  2 rat skeletons
  11 ballistomycetes
  A butterfly (Lair:2)
  16 fungi
  15 plants
1817 creatures vanquished.

Vanquished Creatures (collateral kills)
  2 naga sharpshooters
  2 naga magi (Snake:2)
  A merfolk (Shoals:5)
5 creatures vanquished.

Vanquished Creatures (others)
  A daeva (Snake:4)
  9 drowned souls (Shoals:5)
  A two-headed ogre (D:14)
  2 nagas (Snake:2)
  A spider (Shoals:5)
  A worker ant (D:13)
  An orc wizard (D:5)
  A giant spore (D:13)
  4 fungi
  A plant (Shoals:5)
  2 starspawn tentacles (Abyss:1)
  11 starspawn tentacle segments (Abyss:1)
35 creatures vanquished.

Grand Total: 1857 creatures vanquished

Notes
Turn   | Place    | Note
--------------------------------------------------------------
     0 | D:1      | ProGaza, the Minotaur Fighter, began the quest for the Orb.
     0 | D:1      | Reached XP level 1. HP: 19/19 MP: 1/1
   196 | D:1      | Reached XP level 2. HP: 27/27 MP: 1/1
   215 | D:1      | Reached skill level 4 in Fighting
   462 | D:1      | Reached XP level 3. HP: 33/33 MP: 2/2
  1181 | D:2      | Noticed Terence
  1191 | D:2      | Killed Terence
  1191 | D:2      | Reached XP level 4. HP: 38/41 MP: 2/2
  1279 | D:2      | Found a shimmering altar of Xom.
  2200 | D:4      | Found a glowing silver altar of Zin.
  2228 | D:4      | Reached skill level 5 in Axes
  2362 | D:4      | Reached skill level 5 in Fighting
  2362 | D:4      | Reached XP level 5. HP: 24/48 MP: 2/2
  2723 | D:4      | Found an iron altar of Okawaru.
  2832 | D:4      | Noticed a phantom
  2843 | D:4      | Found Innacuwno's Jewellery Boutique.
  2846 | D:4      | Killed a phantom
  2846 | D:4      | Reached skill level 6 in Axes
  3021 | D:5      | Entered Level 5 of the Dungeon
  3100 | D:5      | Reached XP level 6. HP: 51/56 MP: 3/3
  3498 | D:5      | Found a blossoming altar of Fedhas.
  3498 | D:5      | Noticed a phantom
  3524 | D:5      | Killed a phantom
  3524 | D:5      | Reached skill level 7 in Axes
  3594 | D:5      | Noticed a centaur
  3604 | D:5      | Killed a centaur
  3784 | D:5      | Reached XP level 7. HP: 63/63 MP: 3/3
  3872 | D:5      | Noticed a centaur
  3879 | D:5      | Killed a centaur
  3879 | D:5      | Reached skill level 8 in Axes
  4617 | D:6      | Reached skill level 9 in Axes
  4682 | D:6      | Paralysed by a giant eyeball for 4 turns
  4774 | D:6      | Reached XP level 8. HP: 51/73 MP: 3/3
  4830 | D:6      | Noticed Menkaure
  4833 | D:6      | Killed Menkaure
  4833 | D:6      | Reached skill level 1 in Throwing
  5118 | D:6      | Reached skill level 10 in Axes
  6063 | D:7      | Found a staircase to the Ecumenical Temple.
  6110 | Temple   | Entered the Ecumenical Temple
  6272 | Temple   | Became a worshipper of the Shining One
  6299 | D:7      | Reached skill level 5 in Armour
  6531 | D:7      | Reached XP level 9. HP: 75/81 MP: 4/4
  6723 | D:7      | Reached skill level 11 in Axes
  6911 | D:8      | Noticed Grum
  7256 | D:8      | Killed Grum
  7370 | D:8      | Acquired the Shining One's first power
  7384 | D:8      | Noticed Psyche
  7396 | D:8      | Killed Psyche
  7396 | D:8      | Reached skill level 5 in Shields
  7582 | D:8      | Reached skill level 12 in Axes
  8250 | D:8      | Reached XP level 10. HP: 84/88 MP: 4/4
  8422 | D:8      | Found Pniff's Antique Weapon Shoppe.
  8761 | D:9      | Found Dolon's Antique Armour Shop.
  8815 | D:9      | Bought a pair of glowing boots for 130 gold pieces
  8819 | D:9      | Identified a +1 pair of boots of running (You bought it in a shop on level 9 of the Dungeon)
  8853 | D:9      | Found a staircase to the Lair.
  9349 | D:10     | Entered Level 10 of the Dungeon
  9396 | D:10     | Was placed under penance by the Shining One
  9470 | D:10     | Reached skill level 10 in Fighting
  9470 | D:10     | Reached skill level 13 in Axes
  9814 | D:10     | Reached skill level 1 in Evocations
 10561 | D:11     | Noticed a cyclops
 10596 | D:11     | Killed a cyclops
 10795 | D:11     | Found a staircase to the Orcish Mines.
 10803 | D:11     | Reached XP level 11. HP: 96/96 MP: 8/8
 11354 | D:11     | Noticed a manticore
 11367 | D:11     | Killed a manticore
 11578 | D:11     | Reached skill level 14 in Axes
 12089 | D:11     | Noticed a hill giant
 12089 | D:11     | Was forgiven by the Shining One
 12100 | D:11     | Killed a hill giant
 13402 | D:12     | Noticed a hill giant
 13918 | D:12     | Killed a hill giant
 13918 | D:12     | Reached skill level 15 in Axes
 13983 | D:12     | You fall through a shaft for 3 floors!
 13983 | D:15     | Entered Level 15 of the Dungeon
 13983 | D:15     | Noticed a large abomination
 13983 | D:15     | Noticed a large abomination
 13983 | D:15     | Noticed a large abomination
 13983 | D:15     | Noticed a large abomination
 13987 | D:15     | Acquired the Shining One's second power
 14063 | D:15     | Noticed Azrael
 14091 | D:15     | Reached skill level 10 in Armour
 14126 | D:15     | Killed Azrael
 14337 | D:15     | Noticed a centaur warrior
 14358 | D:15     | Reached XP level 12. HP: 80/103 MP: 11/11
 14360 | D:15     | Killed a centaur warrior
 14688 | D:14     | Reached skill level 10 in Shields
 14967 | D:14     | Found a portal to a secret trove of treasure.
 15045 | D:14     | Noticed Maud
 15065 | D:14     | Killed Maud
 15065 | D:14     | Reached skill level 16 in Axes
 15065 | D:14     | Reached skill level 1 in Invocations
 15388 | D:14     | Learned a level 4 spell: Control Teleport
 15638 | D:13     | Identified 2 scrolls of acquirement
 15786 | D:13     | Learned a level 2 spell: Slow
 15789 | D:13     | Learned a level 1 spell: Apportation
 15793 | D:13     | Noticed a hill giant
 15800 | D:13     | Killed a hill giant
 15859 | D:13     | Noticed Harold
 16386 | D:13     | Noticed a fire dragon
 16410 | D:13     | Killed a fire dragon
 16469 | D:13     | Reached XP level 13. HP: 110/110 MP: 13/15
 16495 | D:13     | Reached skill level 5 in Invocations
 16520 | D:13     | Noticed a vault guard
 16528 | D:13     | Killed a vault guard
 16559 | D:13     | Found a gate to the Vaults.
 17547 | D:13     | Killed Harold
 17547 | D:13     | Reached skill level 17 in Axes
 18425 | D:14     | Found a shadowy altar of Dithmenos.
 18657 | D:15     | Noticed a centaur warrior
 18665 | D:15     | Killed a centaur warrior
 18832 | D:15     | Noticed an ogre mage
 18852 | D:15     | Killed an ogre mage
 18865 | D:15     | Noticed a wizard
 18871 | D:15     | Killed a wizard
 19024 | D:15     | Killed a large abomination
 19032 | D:15     | Killed a large abomination
 19035 | D:15     | Killed a large abomination
 19038 | D:15     | Killed a large abomination
 19249 | D:15     | Noticed a large abomination
 19266 | D:15     | Killed a large abomination
 19777 | D:15     | Noticed a fire dragon
 19781 | D:15     | Noticed an ice dragon
 19788 | D:15     | Killed a fire dragon
 19795 | D:15     | Killed an ice dragon
 19881 | D:15     | Found a staircase to the Depths.
 19939 | D:15     | Noticed a hill giant
 19945 | D:15     | Killed a hill giant
 20771 | Orc:1    | Entered Level 1 of the Orcish Mines
 20780 | Orc:1    | Reached XP level 14. HP: 109/118 MP: 21/21
 22843 | Orc:3    | Reached skill level 18 in Axes
 23148 | Orc:3    | Acquired the Shining One's third power
 23665 | Orc:4    | Entered Level 4 of the Orcish Mines
 23676 | Orc:4    | Noticed an orc warlord
 23697 | Orc:4    | Killed an orc warlord
 23935 | Orc:4    | Found a staircase to the Elven Halls.
 23975 | Orc:4    | Found a glowing silver altar of Zin.
 23983 | Orc:4    | Found Yluigom's Antique Armour Shop.
 24060 | Orc:4    | Found Qebahujemekh's Antique Weapon Shoppe.
 24114 | Orc:4    | Noticed Gastronok
 24133 | Orc:4    | Killed Gastronok
 24206 | Orc:4    | Found Dyetalo's Book Emporium.
 24624 | Orc:4    | Found Pledo's General Store.
 24636 | Orc:4    | Bought a potion of heal wounds for 42 gold pieces
 24636 | Orc:4    | Bought a wand of paralysis (7) for 126 gold pieces
 25187 | Lair:1   | Entered Level 1 of the Lair of Beasts
 27529 | Lair:3   | Reached skill level 19 in Axes
 28382 | Lair:4   | Noticed Fannar
 28397 | Lair:4   | Killed Fannar
 28407 | Lair:4   | Reached XP level 15. HP: 111/123 MP: 23/23
 28458 | Lair:4   | Identified a +8 rod of inaccuracy (14/14) (You found it on level 15 of the Dungeon)
 28680 | Lair:4   | Reached skill level 15 in Shields
 28919 | Lair:4   | Found a staircase to the Shoals.
 29677 | Lair:5   | Found a staircase to the Snake Pit.
 30726 | Lair:6   | Noticed Nergalle
 30739 | Lair:6   | Killed Nergalle
 31532 | Lair:7   | Noticed Erica
 31537 | Lair:7   | Killed Erica
 32262 | Lair:8   | Entered Level 8 of the Lair of Beasts
 32262 | Lair:8   | Noticed crawlian's ghost (powerful KoAK)
 32290 | Lair:8   | Killed crawlian's ghost
 32423 | Lair:8   | Reached skill level 20 in Axes
 32842 | Lair:8   | Acquired the Shining One's fourth power
 33070 | Lair:8   | Got a sparkling glass ring
 33630 | Lair:8   | Found a staircase to the Slime Pits.
 33819 | Snake:1  | Entered Level 1 of the Snake Pit
 33829 | Snake:1  | Reached XP level 16. HP: 131/131 MP: 25/25
 34080 | Snake:1  | Noticed Louise
 34258 | Lair:5   | Killed Louise
 34490 | Snake:1  | Identified the ring of the Castellan {rPois MR+} (You found it on level 8 of the Lair of Beasts)
 34664 | Snake:1  | Reached skill level 10 in Invocations
 35964 | Snake:2  | Cast into the Abyss (a Zot trap)
 36020 | Abyss:1  | Found a corrupted altar of Lugonu.
 36160 | Abyss:1  | Found a corrupted altar of Lugonu.
 36198 | Abyss:1  | Gained mutation: You are clumsy. (Dex -2) [a neqoxec]
 36209 | Abyss:1  | Gained mutation: Your body is slowly deteriorating. [a neqoxec]
 36367 | Abyss:1  | Noticed a tentacled starspawn
 36382 | Snake:2  | Escaped the Abyss
 36391 | Snake:2  | Reached skill level 21 in Axes
 36893 | Snake:2  | Reached skill level 15 in Armour
 38216 | Snake:3  | Found a flickering gateway to a bazaar.
 38222 | Bazaar   | Entered a bazaar
 38222 | Bazaar   | Found Kluitapp's Antique Armour Boutique.
 38222 | Bazaar   | Found Yckeg's Antique Armour Shop.
 38315 | Bazaar   | Found Joseemer's Food Shoppe.
 38325 | Bazaar   | Found Ytheiph's Distillery.
 38336 | Bazaar   | Bought a potion of curing for 22 gold pieces
 38336 | Bazaar   | Bought a potion of curing for 22 gold pieces
 38336 | Bazaar   | Bought a potion of curing for 22 gold pieces
 38351 | Bazaar   | Found Mnen Setso's Antique Armour Boutique.
 38412 | Bazaar   | Bought a pair of faintly humming gloves for 332 gold pieces
 38420 | Bazaar   | Identified the +0 pair of gloves "Owurr" {Dex-2 Int+2} (You bought it in a shop in a bazaar)
 38854 | Snake:4  | Found a shadowy altar of Dithmenos.
 38980 | Snake:4  | Noticed Rupert
 38996 | Snake:4  | Killed Rupert
 39193 | Snake:4  | Reached XP level 17. HP: 121/137 MP: 26/26
 40047 | Snake:4  | Noticed Vashnia
 40047 | Snake:4  | Noticed Snorg
 40064 | Snake:4  | Killed Snorg
 40064 | Snake:4  | Reached skill level 22 in Axes
 40385 | Snake:4  | Killed Vashnia
 40853 | Snake:5  | Entered Level 5 of the Snake Pit
 43098 | Snake:5  | Reached skill level 23 in Axes
 43553 | Snake:5  | Got a serpentine rune of Zot
 43724 | Snake:5  | Reached XP level 18. HP: 120/144 MP: 27/27
 44191 | Shoals:1 | Entered Level 1 of the Shoals
 44531 | Shoals:1 | Noticed Frances
 44541 | Shoals:1 | Killed Frances
 45127 | Shoals:5 | Entered Level 5 of the Shoals
 45327 | Shoals:5 | Found Clorr's Antique Armour Shoppe.
 45545 | Shoals:5 | Noticed Ilsuiw
 47205 | Shoals:5 | Killed Ilsuiw
 47641 | Shoals:5 | HP: 2/144 [barbs]
 47642 | Shoals:5 | The Shining One protects you from harm!
 47649 | Shoals:5 | HP: 1/144 [barbs]
 48205 | Shoals:5 | Reached skill level 24 in Axes
 48294 | Shoals:5 | Got a barnacled rune of Zot
 48708 | Slime:1  | Entered Level 1 of the Pits of Slime
 49138 | Slime:3  | Gained mutation: You tend to lose your temper in combat. [a shining eye]
 49159 | Slime:2  | Gained mutation: You possess an exceptional clarity of mind. [a shining eye]
 49160 | Slime:2  | Gained mutation: You heal slowly when monsters are visible. [a shining eye]
 49161 | Slime:2  | Gained mutation: Your vision is a little blurry. [a shining eye]
 49162 | Slime:2  | Gained mutation: Your vision is quite blurry. [a shining eye]
 49169 | Slime:2  | Gained mutation: Your vision is extremely blurry. [a shining eye]
 49171 | Slime:2  | Gained mutation: Space occasionally distorts in your vicinity. [a shining eye]
 49172 | Slime:2  | Gained mutation: You often lose your temper in combat. [a shining eye]
 49173 | Slime:2  | Gained mutation: Your magical capacity is low (-10% MP). [a shining eye]
 49175 | Slime:2  | Gained mutation: You have an uncontrollable temper. [a shining eye]
 49185 | Slime:2  | Gained mutation: You are very clumsy. (Dex -4) [a shining eye]
 49187 | Slime:2  | Gained mutation: Your magical capacity is very low (-20% MP). [a shining eye]
 49206 | Slime:2  | Gained mutation: You do not heal naturally when monsters are visible. [a shining eye]
 49208 | Slime:2  | Gained mutation: Your magical capacity is extremely low (-30% MP). [a shining eye]
 49215 | Slime:2  | Gained mutation: You are dopey. (Int -2) [a shining eye]
 49679 | Slime:5  | Found a viscous altar of Jiyva.
 49691 | Slime:5  | Paralysed by a giant eyeball for 4 turns
 49701 | Slime:5  | Paralysed by a giant eyeball for 2 turns
 49913 | Slime:6  | Entered Level 6 of the Pits of Slime
 49945 | Slime:6  | Noticed Dissolution
 49954 | Slime:6  | Paralysed by a giant eyeball for 2 turns
 49979 | Slime:6  | Paralysed by a giant eyeball for 3 turns
 49981 | Slime:6  | Gained mutation: Your body is deteriorating. [a shining eye]
 49982 | Slime:6  | Gained mutation: You occasionally shout uncontrollably. [a shining eye]
 49984 | Slime:6  | Killed Dissolution
 50226 | Slime:6  | Reached XP level 19. HP: 151/151 MP: 19/19
 50308 | Slime:6  | Paralysed by a giant eyeball for 3 turns
 50337 | Slime:5  | Paralysed by a giant eyeball for 2 turns
 50383 | Slime:6  | Gained mutation: You are very dopey. (Int -4) [a shining eye]
 50385 | Slime:6  | Gained mutation: You are weak. (Str -2) [a shining eye]
 50391 | Slime:6  | Gained mutation: You are frail (-10% HP). [a shining eye]
 50681 | Slime:6  | Found a viscous altar of Jiyva.
 50684 | Slime:6  | Noticed the royal jelly
 50933 | Slime:5  | Paralysed by a giant eyeball for 3 turns
 52638 | Slime:6  | Reached skill level 25 in Axes
 56351 | Slime:3  | Gained mutation: You are very frail (-20% HP). [a shining eye]
 57047 | Vaults:1 | Entered Level 1 of the Vaults
 57994 | Vaults:2 | Noticed Aizul
 58010 | Vaults:2 | Killed Aizul
 58264 | Vaults:2 | Noticed Margery
 58335 | Vaults:2 | Killed Margery
 60438 | Vaults:4 | Noticed Boris
 60445 | Vaults:4 | HP: 5/109 [Boris (12)]
 60871 | Vaults:4 | Reached XP level 20. HP: 114/114 MP: 19/19
 60909 | Vaults:4 | Shot with a bolt by a yaktaur captain

Action                   |  1- 3 |  4- 6 |  7- 9 | 10-12 | 13-15 | 16-18 | 19-21 || total
-------------------------+-------+-------+-------+-------+-------+-------+-------++-------
Melee: War axe           |    83 |   153 |   362 |   767 |       |   206 |       ||  1571
       Broad axe         |       |       |       |   104 |  1595 |  1554 |   697 ||  3950
Throw: Javelin           |       |       |       |    42 |    11 |     8 |       ||    61
       Dart              |       |       |       |     3 |       |    33 |       ||    36
       Throwing net      |       |       |       |     2 |       |     3 |     1 ||     6
       Tomahawk          |       |       |       |       |     7 |    20 |       ||    27
Invok: Divine Shield     |       |       |       |     6 |    17 |    29 |    16 ||    68
       Cleansing Flame   |       |       |       |       |     4 |     4 |       ||     8
       Summon Divine War |       |       |       |       |       |     3 |       ||     3
Evoke: Wand              |       |       |       |       |     9 |     8 |     1 ||    18
       Sack of spiders   |       |       |       |       |       |     1 |       ||     1
  Use: Scroll            |     2 |     4 |     6 |    14 |    21 |    20 |     5 ||    72
       Potion            |       |       |     3 |     7 |    12 |    16 |     5 ||    43
 Stab: Fleeing           |       |       |       |     1 |       |       |       ||     1
       Distracted        |       |       |       |       |       |       |     1 ||     1
